 Dungeon Crawl Stone Soup version 0.29.1-12-g30fa7ad0bf (webtiles) character file.

Game seed: 8352130313381711050

613 styxcanada the Covert (level 7, -13/35 HPs)
             Began as a Spriggan Brigand on Dec 26, 2022.
             Killed from afar by Dowan (19 damage)
             ... with a shard of ice
             ... on level 4 of the Dungeon.
             The game lasted 00:21:40 (4539 turns).

styxcanada the Covert (Spriggan Brigand)            Turns: 4539, Time: 00:21:42

Health: -13/35     AC:  3    Str:  7    XL:     7   Next: 20%
Magic:  10/12      EV: 18    Int: 13    God:
Gold:   199        SH:  0    Dex: 18    Spells: 10/11 levels left

rFire   . . .      SeeInvis +   a - +2 dagger
rCold   . . .      Faith    .   (no shield)
rNeg    . . .      Spirit   .   b - +0 robe
rPois   .          Reflect  .   n - +0 hat of Ruaklaut {rElec SInv}
rElec   +          Harm     .   c - +0 cloak
rCorr   .          Rampage  .   (gloves unavailable)
Will    +....                   (boots unavailable)
Stlth   ++++......              (no amulet)
HPRegen 0.11/turn               (no ring)
MPRegen 0.13/turn               (no ring)

@: very quick
A: very small, no large weapons, unfitting armour, see invisible, speed 3
a: no special abilities


You were on level 4 of the Dungeon.
You visited 1 branch of the dungeon, and saw 4 of its levels.

You collected 199 gold pieces.

Inventory:

Hand Weapons
 a - a +2 dagger (weapon)
 r - a +2 flail of protection
Missiles
 d - 7 poisoned darts (quivered)
 e - 5 curare-tipped darts
 g - 69 stones
Armour
 b - a +0 robe (worn)
 c - a +0 cloak (worn)
 n - the +0 hat of Ruaklaut (worn) {rElec SInv}
   (You acquired it on level 4 of the Dungeon)

   rElec:     It insulates you from electricity.
   SInv:      It lets you see invisible.
Jewellery
 m - an amulet of faith
Wands
 s - a wand of polymorph (9)
Scrolls
 i - 2 scrolls of blinking
 k - 2 scrolls of amnesia
 q - 2 scrolls of teleportation
Potions
 f - 2 potions of lignification
 h - 2 potions of brilliance
 j - 4 potions of curing
 l - 2 potions of flight {unknown}
 o - a potion of attraction {unknown}
 p - a potion of heal wounds {unknown}


   Skills:
 * Level 2.7 Fighting
 + Level 3.4 Short Blades
 + Level 2.2 Throwing
 * Level 3.3 Dodging
 * Level 8.8 Stealth
 * Level 2.8 Spellcasting
 * Level 3.4 Transmutations
 * Level 2.2 Poison Magic


You had 10 spell levels left.
You knew the following spells:

 Your Spells              Type           Power      Damage    Failure   Level
a - Sting                 Tmut/Pois      36%        1d4       8%          1

Your spell library contained the following spells:

 Spells                   Type           Power      Damage    Failure   Level
 Beastly Appendage        Tmut           20%        N/A       6%          1
 Apportation              Tloc           2%         N/A       24%         1
 Summon Small Mammal      Summ           4%         N/A       24%         1
 Call Canine Familiar     Summ           1%         N/A       56%         3
 Summon Guardian Golem    Hex/Summ       1%         N/A       56%         3


Dungeon Overview and Level Annotations

Branches:
Dungeon (4/15)
 Temple: D:4-7

Altars:
Cheibriados
The Shining One

Shops:
D:3 :

Annotations:
D:4 Dowan


Innate Abilities, Weirdness & Mutations

You are very small and have problems with some larger weapons.
You are too small for most types of armour.
You have supernaturally acute eyesight. (SInv)
You cover ground extremely quickly. (Speed+++)


Message History

The sting hits Dowan.
Dowan is poisoned.
Dowan is moderately wounded.
You feel sick.
Dowan points at you and mumbles some strange words.
The stone arrow hits you!
You feel sick.
Dowan mumbles some strange words.
Dowan blinks!
You feel sick.
You feel sick. The hobgoblin barely misses you.
You feel sick.
Dowan looks more healthy.
You feel sick.
You feel sick.
You feel sick.
You feel sick.
You are no longer poisoned.
Casting: Sting (safe; 8% risk of failure)
Confirm with . or Enter, or press ? or * to list all spells.
Aiming: Sting (safe; 8% risk of failure)
Press: ? - help, Shift-Dir - straight line, f/p - Dowan
Aim: Dowan, wielding a +1 dagger of venom and wearing a +1 robe of cold resistance (moderately wounded, fast, 56% to hit)
The sting hits Dowan but does no damage.
Dowan is poisoned.
Dowan is moderately wounded.
Dowan misses you.
Casting: Sting (safe; 8% risk of failure)
Confirm with . or Enter, or press ? or * to list all spells.
Aiming: Sting (safe; 8% risk of failure)
Press: ? - help, Shift-Dir - straight line, f/p - Dowan
Aim: Dowan, wielding a +1 dagger of venom and wearing a +1 robe of cold resistance (heavily wounded, fast, poisoned, 56% to hit)
The sting hits Dowan but does no damage.
Dowan looks even sicker.
Dowan is heavily wounded.
Dowan gestures at you while chanting. The shard of ice misses you.
Dowan points at you and mumbles some strange words.
The shard of ice hits you!!
Ouch! That really hurt!
You die...

###### #.####.#......
#....## #...##.#.#####
#.#...######.##....####
##.#.†........####..##..
#........#########..##..
#####...##.....g>.......
#...##.#####.####...
###.###.# #.# #...
#...@.e.# #.# #...
#†#..#### #g# #...
#.#..# #.####... #.##.#
#.##<)).# #.##.#
#.####### #....#
#.).#### ###### ##.....#
#.)....# ####..##


You could see Dowan (fast, very poisoned).

Vanquished Creatures
  Sigmund (D:3)
  Duvessa (D:4)
  A jelly (D:2)
  A hound (D:4)
  Natasha (thrice) (D:3)
  An iguana (D:4)
  Terence (D:3)
  4 adders
  2 worms
  6 dart slugs
  7 orcs
  18 endoplasms
  5 giant cockroaches
  4 goblins
  8 hobgoblins
  7 jackals
  2 quokkas
  6 ball pythons
  8 bats
  2 frilled lizards
  13 kobolds
  11 rats
112 creatures vanquished.

Vanquished Creatures (others)
  2 demonic plants (D:3)
  15 fungi
  3 plants (D:3)
  11 toadstools (D:2)
  A withered plant (D:3)
32 creatures vanquished.

Grand Total: 144 creatures vanquished

Notes
Turn   | Place    | Note
-------+----------+-------------------------------------------
     0 | D:1      | styxcanada the Spriggan Brigand began the quest for the
                  | Orb.
     0 | D:1      | Reached XP level 1. HP: 10/10 MP: 2/2
    17 | D:1      | Reached skill level 6 in Stealth
   161 | D:1      | Reached XP level 2. HP: 15/15 MP: 3/3
   194 | D:1      | Got A Tutorial on Wizarding
   197 | D:1      | Learned a level 1 spell: Sting
   721 | D:1      | Reached skill level 7 in Stealth
   844 | D:1      | Reached XP level 3. HP: 18/18 MP: 4/4
  1281 | D:3      | Reached skill level 1 in Transmutations
  1355 | D:3      | Found a faded altar of an unknown god.
  1411 | D:3      | Noticed Sigmund
  1436 | D:3      | Killed Sigmund
  1437 | D:3      | Reached skill level 8 in Stealth
  1437 | D:3      | Reached skill level 1 in Spellcasting
  1437 | D:3      | Reached skill level 1 in Poison Magic
  1437 | D:3      | Reached XP level 4. HP: 23/23 MP: 3/7
  1437 | D:3      | Reached XP level 5. HP: 26/26 MP: 3/8
  1488 | D:3      | Noticed Natasha
  1495 | D:3      | Killed Natasha
  1602 | D:3      | Noticed Terence
  1609 | D:3      | Killed Terence
  1610 | D:3      | Reached XP level 6. HP: 30/30 MP: 9/9
  1726 | D:3      | Found Raonuim's Book Shoppe.
  3083 | D:3      | Found a glowing golden altar of the Shining One.
  3716 | D:3      | Noticed Natasha
  3730 | D:3      | Killed Natasha
  3734 | D:3      | Noticed Natasha
  3753 | D:3      | Killed Natasha
  4144 | D:4      | Identified a scroll of acquirement
  4144 | D:4      | Acquired the +0 hat of Ruaklaut {rElec SInv}
  4396 | D:4      | Found a snail-covered altar of Cheibriados.
  4465 | D:4      | Reached XP level 7. HP: 35/35 MP: 11/11
  4505 | D:4      | Noticed Duvessa
  4506 | D:4      | Noticed Dowan
  4512 | D:4      | Killed Duvessa
  4539 | D:4      | Killed from afar by Dowan

Illustrated notes

Levels and vault maps discovered:
D:1:      minmay_arrival_stone_box, layout_rooms, minmay_rat_gold_closets
D:2:      cheibrodos_fertilizer, layout_basic
D:3:      layout_loops_cross, mainiacjoe_overflow_tiny_flanked,
          shapermc_ecumenical_altar_gd, serial_shops, nicolae_shop_hallway_plus,
          kennysheep_generic_room_4, uniq_terence, uniq_sigmund, uniq_natasha
D:4:      layout_basic, mainiacjoe_overflow_paths, gup_sewer_entry_bubbles,
          st_stairs_11, uniq_duvessa

Skill      XL: |  1  2  3  4  5  6 |
---------------+-------------------+-----
Stealth        | 6 7 8 |  8.8
Dodging        | 2 3 |  3.3
Transmutations | 2 3 |  3.4
Fighting       | 2 |  2.7
Short Blades   | 3 |  3.4
Spellcasting   | 1 2 |  2.8
Poison Magic   | 1 2 |  2.2
Throwing       | |  2.2

Action                   |  1- 3 |  4- 6 |  7- 9 || total
-------------------------+-------+-------+-------++-------
Melee: Dagger            |    91 |   131 |     5 ||   227
       Punch             |     2 |     2 |       ||     4
Throw: Dart              |    11 |    19 |       ||    30
 Cast: Sting             |     4 |    51 |     3 ||    58
  Use: Scroll            |     4 |     8 |       ||    12
 Stab: Sleeping          |    16 |    17 |     1 ||    34
Armor: Robe              |    15 |    11 |       ||    26
Dodge: Dodged            |    45 |    86 |     5 ||   136
